 Dungeon Crawl Stone Soup version 0.28-a0-511-gcc94558de3 (webtiles) character file.

Game seed: 1470741384467857983

10857 Rennog the Thaumaturge (level 11, -3/72 HPs)
             Began as a Gargoyle Earth Elementalist on Sept 22, 2021.
             Was a Follower of Vehumet.
             Engulfed by an ice statue's freezing vapour (9 damage)
             ... in a Gauntlet.
             The game lasted 00:30:54 (16089 turns).

Rennog the Thaumaturge (GrEE)                      Turns: 16089, Time: 00:30:54

Health: -3/72      AC: 19    Str: 16    XL:     11   Next: 68%
Magic:  16/27      EV: 17    Int: 21    God:    Vehumet [*.....]
Gold:   555        SH:  5    Dex: 13    Spells: 19/34 levels left

rFire   . . .      SeeInvis .   r - +0 rapier (venom)
rCold   . . .      Faith    .   (no shield)
rNeg    + . .      Spirit   .   N - +0 acid dragon scales
rPois   ∞          Reflect  +   D - +2 helmet
rElec   +          Harm     .   g - +0 cloak
rCorr   +          Rampage  .   (no gloves)
Will    .....      NoTele   +   R - +0 pair of boots
Stlth   ++........              O - amulet of reflection
HPRegen 0.22/turn               C - ring "Daniocy" {Drain EV+4 Int+3 Dex+3}
MPRegen 0.20/turn               U - ring "Nuox" {Str+3 Slay+4}

@: very slightly contaminated
A: sickness immunity, AC +8, negative energy resistance 1, electricity
resistance, torment resistance 1, petrification resistance
a: Renounce Religion


You were in a Gauntlet.
You worshipped Vehumet.
Vehumet was aware of your devotion.
You visited 2 branches of the dungeon, and saw 12 of its levels.
You also visited: Gauntlet.

You collected 555 gold pieces.

Inventory:

Hand Weapons
 i - a +0 dagger
 r - a +0 rapier of venom (weapon)
 G - the +10 hunting sling of Conservatism {venom, rF- rC+++ Str+3 SInv}
   (You found it on level 7 of the Dungeon)

   Any ammunition fired from it poisons the flesh of those it strikes.
   Str:       It affects your strength (+3).
   rF:        It makes you vulnerable to fire.
   rC:        It renders you almost immune to cold.
   SInv:      It lets you see invisible.
Missiles
 c - 279 stones
Armour
 b - a +0 robe
 g - a +0 cloak (worn)
 D - a +2 helmet (worn)
 N - +0 acid dragon scales (worn)
 R - a +0 pair of boots (worn)
 T - the +8 plate armour "Zyke" {Dex+2}
   (You found it on level 11 of the Dungeon)

   Dex:       It affects your dexterity (+2).
Jewellery
 a - a ring of protection from cold
 f - a ring of magical power
 n - a ring of willpower
 x - a +6 ring of intelligence
 A - a +6 ring of dexterity
 C - the ring "Daniocy" (left hand) {Drain EV+4 Int+3 Dex+3}
   (You found it on level 6 of the Dungeon)

   [ring of evasion]

   EV:        It affects your evasion (+4).
   Int:       It affects your intelligence (+3).
   Dex:       It affects your dexterity (+3).
   Drain:     It drains your maximum health when unequipped.
 O - an amulet of reflection (around neck)
 P - a ring of positive energy
 U - the ring "Nuox" (right hand) {Str+3 Slay+4}
   (You found it in a Gauntlet)

   [ring of slaying]

   Str:       It affects your strength (+3).
   Slay:      It affects your accuracy & damage with ranged weapons and melee
   (+4).
Wands
 q - a wand of flame (69)
 L - a wand of polymorph (9)
 M - a wand of charming (6)
Scrolls
 d - 2 scrolls of amnesia {unknown}
 k - 4 scrolls of magic mapping
 l - 5 scrolls of teleportation
 o - 3 scrolls of enchant weapon {unknown}
 p - 3 scrolls of identify
 s - 2 scrolls of blinking {unknown}
 u - 2 scrolls of fear {unknown}
 y - 2 scrolls of fog {unknown}
 F - a scroll of immolation {unknown}
 J - a scroll of silence {unknown}
Potions
 j - a potion of lignification
 m - 2 potions of berserk rage {unknown}
 t - 2 potions of attraction {unknown}
 v - 4 potions of degeneration {unknown}
 w - 2 potions of mutation {unknown}
 z - 2 potions of resistance {unknown}
 B - a potion of brilliance {unknown}
 E - a potion of ambrosia {unknown}
 H - a potion of invisibility
 I - 2 potions of heal wounds {unknown}
 K - a potion of cancellation {unknown}
 Q - 2 potions of flight {unknown}
Miscellaneous
 S - a condenser vane (inert)


   Skills:
 + Level 9.9 Fighting
 + Level 4.6 Dodging
 - Level 2.1 Stealth
 * Level 12.0 Spellcasting
 - Level 0.7 Transmutations
 - Level 9.6 Earth Magic


You had 19 spell levels left.
You knew the following spells:

 Your Spells              Type           Power      Damage    Failure   Level
a - Sandblast             Erth           100%       2d20      1%          1
b - Stone Arrow           Conj/Erth      64%        3d11      3%          3
c - Teleport Other        Tloc           12%        N/A       22%         3
d - Passwall              Tmut/Erth      28%        N/A       1%          2
e - Petrify               Tmut/Erth      34%        N/A       9%          4
f - Searing Ray           Conj           24%        2d5       11%         2

Your spell library contained the following spells:

 Spells                   Type           Power      Damage    Failure   Level
 Gell's Gravitas          Tloc           6%         N/A       22%         3
 Lesser Beckoning         Tloc           12%        N/A       22%         3
 Ozocubu's Armour         Ice            12%        N/A       22%         3
 Swiftness                Air            12%        N/A       22%         3
 Animate Dead             Necr           6%         N/A       56%         4
 Metabolic Englaciation   Hex/Ice        6%         N/A       89%         5
 Invisibility             Hex            6%         N/A       100%        6
 Haunt                    Necr/Summ      6%         N/A       100%        7
 Ozocubu's Refrigeration  Ice            6%         4d6       100%        7
 Infestation              Necr           6%         N/A       100%        8
 Statue Form              Tmut/Erth      Unusable   N/A       N/A         6

Dungeon Overview and Level Annotations

Branches:
Dungeon (11/15)            Temple (1/1) D:6             Orc (0/2) D:10
Gauntlet (1/1)
   Lair: D:8-11

Altars:
Ashenzari
Cheibriados
Dithmenos
Elyvilon
Fedhas
Gozag
Hepliaklqana
Kikubaaqudgha
Makhleb
Nemelex Xobeh
Okawaru
Qazlal
Ru
Sif Muna
Trog
Uskayaw
Vehumet
Wu Jian
Xom
Yredelemnul
Zin
The Shining One

Annotations:
D:11 Nergalle Gauntlet 11 transporters, 2 runed translucent doors, exclusions: ice statue and orange crystal statue


Innate Abilities, Weirdness & Mutations

You are immune to sickness and miasma.
Your stone body is resilient. (AC +8)
You are immune to poison.
You resist negative energy. (rN+)
You are resistant to electric shocks. (rElec)
You are resistant to unholy torment.
You are immune to petrification.


Message History

Aim: an ice statue (100% to hit)
You miscast Stone Arrow.
You are very lightly contaminated with residual magic.
Nothing appears to happen.
Casting: Stone Arrow (dangerous; 3% risk of failure)
Confirm with . or Enter, or press ? or * to list all spells.
Aiming: Stone Arrow (dangerous; 3% risk of failure)
Press: ? - help, Shift-Dir - straight line, f/p - ice statue
Aim: an ice statue (100% to hit)
The stone arrow hits the ice statue.
The ice statue is lightly damaged.
The ice statue gestures at you. The freezing blast misses you.
Casting: Stone Arrow (dangerous; 3% risk of failure)
Confirm with . or Enter, or press ? or * to list all spells.
Aiming: Stone Arrow (dangerous; 3% risk of failure)
Press: ? - help, Shift-Dir - straight line, f/p - ice statue
Aim: an ice statue (lightly damaged, 100% to hit)
The stone arrow hits the ice statue!!
The ice statue is moderately damaged.
You are engulfed in freezing vapours.
Casting: Stone Arrow (dangerous; 3% risk of failure)
Confirm with . or Enter, or press ? or * to list all spells.
Aiming: Stone Arrow (dangerous; 3% risk of failure)
Press: ? - help, Shift-Dir - straight line, f/p - ice statue
Aim: an ice statue (moderately damaged, 100% to hit)
You miscast Stone Arrow.
Nothing appears to happen.
You are engulfed in freezing vapours.
The ice statue glitters chillingly in the dim dungeon light.
The ice statue gestures at you. The bolt of cold hits you!!
* * * LOW HITPOINT WARNING * * *
You are engulfed in freezing vapours.
* * * LOW HITPOINT WARNING * * *
There is a transporter landing site, spattered with blood here.
You see here a rime drake corpse.
You are engulfed in freezing vapours.
* * * LOW HITPOINT WARNING * * *
You are engulfed in freezing vapours.
You die...

#.©.#.8.#########.≈≈#
#.8.#.⌠.#8..©#....≈##
#...#.8.#©...#.8..##
#...#...#8..©#....≈##
#≈≈≈#...#########.≈≈#
##≈###..#.?.○.=8#.≈##
## ##.#.##☼°..#.##
##≈.#.#○##..#.≈##
#≈≈.#.#°@#..#.≈≈#
##≈.#.##○○#.#.≈##
##.#..####.#.##
##≈.#.......#.≈##
#≈≈.#########.≈≈#
##≈.#8..©#....≈##
##.#©...#.8..##
##≈.#8..©#....≈##
#≈≈.#########.≈≈#


You could see an ice statue.

Vanquished Creatures
  A two-headed ogre (D:11)
  A deep elf pyromancer (D:7)
  A cyclops (D:7)
  A manticore (D:7)
  4 elephants (Gauntlet)
  Maurice (D:11)
  A torpor snail (Gauntlet)
  An unseen horror (D:10)
  A rime drake (Gauntlet)
  A tengu conjurer (D:7)
  A troll (D:9)
  A vampire (D:9)
  4 yaks
  2 wyverns
  2 shadows
  Edmund (D:5)
  2 acid dragons
  4 water moccasins
  2 ice beasts
  A sky beast (D:7)
  6 orc warriors
  A black bear (D:7)
  A necrophage (D:4)
  5 centaurs
  A phantom (D:7)
  A bullfrog (D:9)
  A wyvern zombie (D:9)
  A scorpion (D:5)
  A wyvern skeleton (D:7)
  13 wights
  An electric eel (D:9)
  A howler monkey (D:6)
  5 centaur zombies
  4 orc priests
  4 hounds
  Ijyb (D:5)
  9 orc wizards
  A scorpion zombie (D:5)
  Natasha (thrice) (D:2)
  A statue (D:7)
  A hound skeleton (D:4)
  A howler monkey zombie (D:8)
  6 gnolls
  9 adders
  A howler monkey skeleton (D:6)
  A shadow imp (D:7)
  4 white imps
  3 ufetubi
  A worm (D:2)
  3 dart slugs
  30 orcs
  6 bats
  10 endoplasms
  3 giant cockroaches
  7 hobgoblins
  6 jackals
  8 kobolds
  6 quokkas
  5 ball pythons
  18 goblins
  8 rats
  A spectral orc (D:5)
232 creatures vanquished.

Vanquished Creatures (others)
  An ogre (D:6)
  An orc wizard (D:3)
  5 withered plants (D:7)
7 creatures vanquished.

Grand Total: 239 creatures vanquished

Notes
Turn   | Place    | Note
-------+----------+-------------------------------------------
     0 | D:1      | Rennog the Gargoyle Earth Elementalist began the quest for
                  | the Orb.
     0 | D:1      | Reached XP level 1. HP: 10/10 MP: 3/3
   673 | D:1      | Reached XP level 2. HP: 16/16 MP: 5/5
  1136 | D:1      | Reached skill level 1 in Fighting
  1567 | D:1      | Reached XP level 3. HP: 18/20 MP: 6/6
  1803 | D:1      | Found a faded altar of an unknown god.
  2231 | D:2      | Noticed Natasha
  2253 | D:2      | Reached skill level 3 in Spellcasting
  2260 | D:2      | Killed Natasha
  2261 | D:2      | Reached XP level 4. HP: 6/26 MP: 6/8
  3284 | D:2      | Learned a level 3 spell: Stone Arrow
  3288 | D:2      | Learned a level 3 spell: Teleport Other
  3291 | D:2      | Learned a level 2 spell: Passwall
  3336 | D:2      | Reached XP level 5. HP: 25/30 MP: 10/10
  3570 | D:2      | Noticed Natasha
  3576 | D:2      | Killed Natasha
  3870 | D:2      | Noticed Natasha
  3874 | D:2      | Killed Natasha
  3875 | D:2      | Reached skill level 4 in Spellcasting
  4302 | D:3      | Reached skill level 5 in Earth Magic
  4302 | D:3      | Reached XP level 6. HP: 12/36 MP: 12/12
  4988 | D:3      | Found a snail-covered altar of Cheibriados.
  4988 | D:3      | Found a shimmering altar of Xom.
  4995 | D:3      | Found a white marble altar of Elyvilon.
  4997 | D:3      | Found a glowing silver altar of Zin.
  4999 | D:3      | Found a faded altar of an unknown god.
  5426 | D:4      | Noticed a necrophage
  5434 | D:4      | Killed a necrophage
  5520 | D:4      | Reached XP level 7. HP: 38/41 MP: 14/14
  5560 | D:3      | Reached skill level 5 in Spellcasting
  5944 | D:4      | You fall into a shaft and drop 3 floors!
  6067 | D:7      | Noticed a manticore
  6306 | D:7      | Learned a level 4 spell: Petrify
  6399 | D:6      | Found a shadowy altar of Dithmenos.
  6416 | D:5      | Entered Level 5 of the Dungeon
  6419 | D:5      | Noticed Edmund
  6466 | D:6      | Reached skill level 6 in Spellcasting
  6466 | D:6      | Reached XP level 8. HP: 48/48 MP: 17/17
  6786 | D:6      | Identified the ring "Daniocy" {Drain EV+4 Int+3 Dex+3}
  6875 | D:6      | Found a staircase to the Ecumenical Temple.
  7124 | Temple   | Entered the Ecumenical Temple
  8010 | D:5      | Killed Edmund
  8011 | D:5      | Reached skill level 5 in Fighting
  8386 | D:4      | Reached skill level 7 in Spellcasting
  8872 | D:5      | Found a burning altar of Makhleb.
  8925 | D:5      | Noticed Ijyb
  8928 | D:5      | Killed Ijyb
  8976 | D:5      | Found a bloodstained altar of Trog.
  9253 | D:5      | Found a basalt altar of Yredelemnul.
  9474 | D:7      | Found an ancient bone altar of Kikubaaqudgha.
  9557 | D:7      | Reached XP level 9. HP: 51/55 MP: 10/20
  9754 | D:7      | Noticed a cyclops
  9775 | D:7      | Killed a cyclops
  9776 | D:7      | Reached skill level 8 in Spellcasting
  9946 | D:7      | Noticed a tengu conjurer
  9947 | D:7      | Noticed a deep elf pyromancer
  9953 | D:7      | Killed a tengu conjurer
  9955 | D:7      | Killed a deep elf pyromancer
  9956 | D:7      | Reached skill level 9 in Spellcasting
 10089 | D:7      | Identified the +10 hunting sling of Conservatism {venom,
                  | rF- rC+++ Str+3 SInv}
 10235 | D:7      | Reached XP level 10. HP: 51/63 MP: 10/23
 10332 | D:7      | Found a broken altar of Ashenzari.
 10364 | D:7      | Found a radiant altar of Vehumet.
 10371 | D:7      | Became a worshipper of Vehumet
 10417 | D:7      | Killed a manticore
 11724 | D:8      | Found a shimmering blue altar of Sif Muna.
 11846 | D:9      | Reached skill level 10 in Spellcasting
 11895 | D:8      | Reached * piety under Vehumet
 11895 | D:8      | Offered knowledge of Shock by Vehumet.
 13680 | D:10     | Entered Level 10 of the Dungeon
 14120 | D:10     | Found a sacrificial altar of Ru.
 14225 | D:10     | Found a staircase to the Orcish Mines.
 14407 | D:10     | Killed an unseen horror
 14408 | D:10     | Reached XP level 11. HP: 26/71 MP: 9/25
 14698 | D:10     | Reached skill level 11 in Spellcasting
 15084 | D:11     | Noticed Nergalle
 15084 | D:11     | Noticed a manticore
 15138 | D:11     | Noticed a two-headed ogre
 15143 | D:11     | Noticed Maurice
 15144 | D:11     | Killed a two-headed ogre
 15314 | D:11     | Identified the +8 plate armour "Zyke" {Dex+2}
 15359 | D:11     | Killed Maurice
 15449 | D:11     | Found a gate leading to a gauntlet.
 15458 | Gauntlet | Entered a Gauntlet
 15458 | Gauntlet | Found a transporter.
 15477 | Gauntlet | Found a transporter.
 15480 | Gauntlet | Found a transporter.
 15481 | Gauntlet | Found a transporter.
 15489 | Gauntlet | Found a transporter.
 15492 | Gauntlet | Found a transporter.
 15493 | Gauntlet | Found a transporter.
 15495 | Gauntlet | Noticed an orange crystal statue
 15504 | Gauntlet | Found a transporter.
 15505 | Gauntlet | Found a transporter.
 15509 | Gauntlet | Found a runed translucent door.
 15511 | Gauntlet | Found a runed translucent door.
 15513 | Gauntlet | Found a transporter.
 15516 | Gauntlet | Found a transporter.
 15517 | Gauntlet | Found a transporter.
 15523 | Gauntlet | Noticed a fire crab
 15528 | Gauntlet | Found a transporter.
 15561 | Gauntlet | Found a transporter.
 15633 | Gauntlet | Identified the ring "Nuox" {Str+3 Slay+4}
 15656 | Gauntlet | Offered knowledge of Searing Ray by Vehumet.
 15660 | Gauntlet | Learned a level 2 spell: Searing Ray
 15993 | Gauntlet | Reached skill level 12 in Spellcasting
 16089 | Gauntlet | Engulfed by an ice statue's freezing vapour

Illustrated notes

Levels and vault maps discovered:
D:1:      dpeg_arrival_stone_temple_mockup, layout_basic,
          ebering_ecumenical_altar_abandoned
D:2:      layout_basic, kennysheep_generic_room_12, uniq_natasha
D:3:      layout_loops_corners, chequers_temple_overflow_minitemple
D:4:      layout_rooms, grunt_decor_arrowhead, minmay_checkerbox
D:5:      layout_rooms, trog_butcher_becter, lemuel_tele_altar,
          yredelemnul_forgotten_temple_becter, kennysheep_doodads, uniq_ijyb,
          uniq_edmund
D:6:      layout_basic, overflow_temple_1_default, lemuel_temple_firewalk_a
D:7:      nzn_winding_woodlands_three_and_one [nzn_winding_woodlands_5x15_pool,
          nzn_winding_woodlands_5x15_sawtooth,
          nzn_winding_woodlands_5x15_sidewinder,
          nzn_winding_woodlands_center_diamonds], layout_loops_ring,
          nicolae_overflow_crystal_walls, vehumet_statue,
          kiku_gazebo_garden_becter
D:8:      layout_gridville, old_standard_altar
D:9:      nicolae_whirlpool, layout_grid_maze, lightli_bailey_entry_fortress,
          minmay_misc_feat_iff, serial_bayou_pond_b
D:10:     layout_rooms, kennysheep_mini, orc_0_dummy, serial_co_window_serial,
          co_window_paths_a, co_window_paths_b, co_window_paths_a,
          co_window_paths_a, co_window_paths_a, co_window_of_opportunity_a,
          co_window_corner_a, co_window_paths_b, co_window_corner_a,
          co_window_cross_2, co_window_of_opportunity_b, co_window_broadway_c,
          glass_columns_a, glass_columns_a, glass_columns_a, glass_columns_c,
          glass_columns_a
D:11:     layout_irregular_city, grunt_lair_entry_orc_guard_hut,
          gauntlet_entry_generic, uniq_maurice, uniq_nergalle
Temple:   compressed_dpeg_triangle_lava_temple
Gauntlet: gammafunk_gauntlet_77_escape_option [minmay_gauntlet_arena_77_mirror,
          minmay_gauntlet_arena_77_hold_the_fort,
          minmay_gauntlet_arena_77_radiant_squares,
          minmay_gauntlet_arena_77_cramped, minmay_gauntlet_arena_77_box,
          gauntlet_exit_spiral]

Skill      XL: |  1  2  3  4  5  6  7  8  9 10 11 |
---------------+----------------------------------+-----
Fighting       | 1 2 3 4 5 7 9 |  9.9
Earth Magic    | 4 5 6 7 9 |  9.6
Spellcasting   | 3 4 6 7 9 10 12 | 12.0
Dodging        | 3 4 |  4.6
Stealth        | |  2.1
Transmutations | |  0.7

Action                   |  1- 3 |  4- 6 |  7- 9 | 10-12 || total
-------------------------+-------+-------+-------+-------++-------
Melee: Unarmed           |    47 |       |       |       ||    47
       Dagger            |   120 |    90 |       |       ||   210
       Rapier            |       |    81 |   136 |    45 ||   262
 Cast: Sandblast         |    27 |    42 |    40 |    41 ||   150
       Stone Arrow       |       |       |    59 |   156 ||   215
       Teleport Other    |       |       |     5 |     7 ||    12
Evoke: Condenser vane    |       |       |       |     1 ||     1
  Use: Potion            |     1 |     1 |       |     6 ||     8
       Scroll            |       |       |       |     4 ||     4
 Stab: Sleeping          |     4 |     2 |       |       ||     6
Armor: Robe              |    82 |   108 |   113 |    50 ||   353
       Acid dragon scale |       |       |       |    54 ||    54
Dodge: Dodged            |   119 |   114 |   175 |   163 ||   571
Block: Other             |       |       |       |    12 ||    12

Table legend: (Time is in decaauts)
 A = Elapsed time spent in this place.
 B = Non-inter-level travel time spent in this place.
 C = Inter-level travel time spent in this place.
 D = Time resting spent in this place.
 E = Time spent auto-exploring this place.
 F = Levels seen in this place.
 G = Mean time per level.
                   A        B        C        D        E       F      G
               +--------+--------+--------+--------+--------+-----+--------+
         Total |  16184 |  15109 |   1075 |    638 |  12114 |  13 | 1244.9 |
       Dungeon |  15223 |  14173 |   1050 |    457 |  11707 |  11 | 1383.9 |
        Temple |    318 |    293 |     25 |      0 |    286 |   1 |  318.0 |
      Gauntlet |    641 |    641 |      0 |    181 |    121 |   1 |  641.0 |
               +--------+--------+--------+--------+--------+-----+--------+

Top non-repeatable levels by time:
     D:1: 1949 daAuts
     D:2: 1947 daAuts
     D:7: 1772 daAuts
     D:9: 1652 daAuts
     D:3: 1511 daAuts
    D:10: 1413 daAuts
     D:6: 1335 daAuts
     D:8: 1273 daAuts
     D:4: 1066 daAuts
     D:5: 936 daAuts
Gauntlet: 641 daAuts
    D:11: 366 daAuts
  Temple: 318 daAuts
